 Dungeon Crawl Stone Soup version 0.30-a0-170-g85af917532 (webtiles) character file.

Game seed: 16185913310445298626

9553 qw the Blocker (level 11, -12/64 HPs)
             Began as a Gargoyle Fighter on Sept 30, 2022.
             Was an Elder of Okawaru.
             Killed from afar by an acid dragon (25 damage)
             ... with a splash of acid
             ... summoned by an orange crystal statue
             ... on level 9 of the Dungeon.
             The game lasted 00:04:20 (10009 turns).

qw the Blocker (Gargoyle Fighter)                  Turns: 10009, Time: 00:04:20

Health: -12/64     AC: 23    Str: 28 (30) XL:     11   Next: 48%
Magic:  2/17       EV:  9    Int:  3 (9)  God:    Okawaru [****..]
Gold:   575        SH: 15    Dex:  7 (9)  Spells: 10/10 levels left

rFire   . . .      SeeInvis .    Y - +1 war axe (flame)
rCold   . . .      Faith    .    h - +0 tower shield
rNeg    + . .      Spirit   .    v - +0 plate armour
rPois   inf        Reflect  .    k - +2 helmet
rElec   +          Harm     .    n - +0 cloak
rCorr   .          Rampage  .    (no gloves)
Will    .....                    s - +1 pair of boots
Stlth   ..........               (no amulet)
HPRegen 0.20/turn                e - +4 ring of evasion
MPRegen 0.15/turn                o - +6 ring of strength

@: corroded, slowed, very slow
A: sickness immunity, AC +8, negative energy resistance 1, electricity
resistance, torment resistance 1, petrification resistance
a: Renounce Religion, Heroism, Finesse


You were on level 9 of the Dungeon.
You worshipped Okawaru.
Okawaru was greatly pleased with you.
You visited 2 branches of the dungeon, and saw 10 of its levels.

You collected 575 gold pieces.


Innate Abilities, Weirdness & Mutations

You are immune to sickness and miasma.
Your stone body is resilient. (AC +8)
You are immune to poison.
You resist negative energy. (rN+)
You are resistant to electric shocks. (rElec)
You are resistant to unholy torment.
You are immune to petrification.


   Skills:
 - Level 6.1 Fighting
 - Level 9.0 Axes
 - Level 2.0 Throwing
 - Level 6.0 Armour
 - Level 1.4 Dodging
 + Level 11.7 Shields
 + Level 8.7 Invocations


You had 10 spell levels left.
You didn't know any spells.
Your spell library was empty.

Inventory:

Hand Weapons
 Y - a +1 war axe of flaming (weapon)
Missiles
 b - 8 boomerangs
 z - 2 javelins (quivered)
Armour
 c - +0 acid dragon scales
 h - a +0 tower shield (worn)
 k - a +2 helmet (worn)
 n - a +0 cloak (worn)
 s - a +1 pair of boots (worn)
 v - a +0 plate armour (worn)
Jewellery
 a - a ring of resist corrosion
 e - a +4 ring of evasion (left hand)
 o - a +6 ring of strength (right hand)
 p - a ring of resist corrosion
Scrolls
 j - a scroll of identify
Potions
 d - a potion of might
 f - a potion of magic
 g - a potion of haste {unknown}
 i - a potion of ambrosia {unknown}
 l - a potion of mutation {unknown}
 r - a potion of resistance {unknown}
 t - a potion of cancellation
 u - a potion of lignification {unknown}

Dungeon Overview and Level Annotations

Branches:
Dungeon (9/15)             Temple (1/1) D:5
   Lair: D:8-11         Orc: D:9-12

Altars:
Ashenzari
Cheibriados
Dithmenos
Elyvilon
Fedhas
Gozag
Hepliaklqana
Kikubaaqudgha
Makhleb
Nemelex Xobeh
Okawaru
Qazlal
Ru
Sif Muna
Trog
Uskayaw
Vehumet
Wu Jian
Xom
Yredelemnul
Zin
The Shining One


Message History

You hit the yak. You burn the yak. You hit the yak but do no damage.
The yak gores you. You block the yak's attack.
You block the gnoll sergeant's attack. The acid dragon bites you.
The acid dragon closely misses you.
You hit the wraith but do no damage. You hit the yak. You burn the yak.
You slash the acid dragon! You burn the acid dragon. You barely miss the yak.
You block the yak's attack. The wraith hits you. The wraith drains your vigour!
You feel yourself slow down. You block the gnoll sergeant's attack.
You block the acid dragon's attack. The acid dragon claws you.
10007 ||| DRINKING potion of heal wounds.
You feel much better. The yak completely misses you.
The yak gores you but does no damage. You block the wraith's attack.
You block the gnoll sergeant's attack. The acid dragon spits acid at you.
The splash of acid hits you!! The acid corrodes you!
The yak gores you but does no damage. You block the acid dragon's attack.
The acid dragon claws you but does no damage.
The yak barely misses you. You block the yak's attack.
The yak gores you but does no damage.
The gnoll sergeant hits you but does no damage.
The wraith closely misses you.
You hit the acid dragon. You burn the acid dragon.
The acid dragon is severely wounded.
You slash the yak! You burn the yak. You hit the yak but do no damage.
You hit the wraith. You burn the wraith. You hit the yak. You burn the yak.
The yak gores you. You block the yak's attack.
The gnoll sergeant hits you but does no damage.
You block the wraith's attack. The acid dragon barely misses you.
The acid dragon misses you. The yak gores you.
You hit the acid dragon. You burn the acid dragon.
The acid dragon is severely wounded.
You hit the yak. You burn the yak. You hit the yak. You burn the yak.
You barely miss the wraith. You barely miss the yak.
You feel like a meek peon again. The yak gores you but does no damage.
The yak barely misses you. You block the yak's attack.
You block the wraith's attack. You block the gnoll sergeant's attack.
The acid dragon spits acid at you. The splash of acid hits you!!
You die...

##### ##...##
##..)..##
########W.###?.#
.......@Y.#8#Y.#
......YYD.###?.##
.........g!:$...#
.............####
.............#
........#....# ..
.............# ...
..###.....#..#
....
.....#......##....


You could see an orange crystal statue, 4 yaks, a wraith (summoned), an acid
dragon (summoned, catching breath) and a gnoll sergeant (summoned).

Vanquished Creatures
  2 two-headed ogres
  Pikel (D:7)
  An ugly thing (D:7)
  A manticore (D:7)
  Maggie (D:9)
  A slime creature (D:7)
  A wraith (D:7)
  Sigmund (D:4)
  Eustachio (D:5)
  10 yaks
  A steam dragon (D:7)
  A vampire mosquito (D:7)
  An acid dragon (D:7)
  5 water moccasins
  4 orc warriors
  3 black bears
  A sky beast (D:5)
  2 ice beasts
  An ogre (D:5)
  4 centaurs
  2 lemures (D:7)
  4 bullfrogs
  2 kobold brigands (D:7)
  A gnoll sergeant (D:7)
  A necrophage (D:7)
  3 scorpions
  4 wights (D:7)
  16 killer bees
  2 howler monkeys (D:9)
  7 hounds
  3 jellies
  An orc priest (D:8)
  2 gnoll boudas
  3 iguanas
  4 orc wizards
  Robin (D:3)
  12 gnolls
  9 adders
  A shadow imp (D:6)
  3 white imps
  3 ufetubi
  A worm (D:2)
  7 dart slugs
  28 orcs
  11 endoplasms
  3 giant cockroaches
  9 goblins
  6 hobgoblins
  A jackal (D:1)
  15 kobolds
  9 quokkas
  4 ball pythons
  6 bats
  10 frilled lizards
  7 rats
244 creatures vanquished.

Vanquished Creatures (others)
  10 plants
  4 withered plants (D:3)
14 creatures vanquished.

Grand Total: 258 creatures vanquished

Notes
Turn   | Place    | Note
-------+----------+-------------------------------------------
     0 | D:1      | qw the Gargoyle Fighter began the quest for the Orb.
     0 | D:1      | Reached XP level 1. HP: 14/14 MP: 1/1
     0 | D:1      | 0 ||| qw: Version: 0.2-a-13-gfc7b4b4
     0 | D:1      | 0 ||| qw: Game counter: 1670
     0 | D:1      | 0 ||| qw: Always use a shield: true
     0 | D:1      | 0 ||| qw: God list: Okawaru
     0 | D:1      | 0 ||| qw: Allow faded altars: false
     0 | D:1      | 0 ||| qw: Do Orc after D:15 true
     0 | D:1      | 0 ||| qw: Do second Lair branch before Depths: true
     0 | D:1      | 0 ||| qw: Lair rune preference: random
     0 | D:1      | 0 ||| qw: Plans: Normal, Zot:1-4, God:TSO, Crypt, Tomb,
                  | Pan, Slime:5, Hells, Abyss, Orb
     0 | D:1      | 0 ||| PLANNING D:1-11
    29 | D:1      | 29 ||| Stepping ~*~*~tactically~*~*~ (stealth).
    42 | D:1      | Reached XP level 2. HP: 16/19 MP: 2/2
   429 | D:1      | Reached skill level 3 in Axes
   587 | D:1      | Reached XP level 3. HP: 23/23 MP: 3/3
   716 | D:1      | 716 ||| Stepping ~*~*~tactically~*~*~ (stealth).
   918 | D:1      | 918 ||| DROPPING amulet of magic regeneration.
   919 | D:1      | 919 ||| READING 2 scrolls labelled VAHEGA GEET.
   920 | D:1      | 920 ||| READING scroll labelled FAEJAU ISIGYH.
   921 | D:1      | 921 ||| DROPPING scroll of butterflies.
   945 | D:2      | 945 ||| STAIRDANCE
  1085 | D:2      | 1085 ||| Stepping ~*~*~tactically~*~*~ (stealth).
  1101 | D:2      | 1101 ||| FLEEEEING.
  1102 | D:2      | 1102 ||| STAIRDANCE
  1200 | D:2      | 1200 ||| STAIRDANCE
  1342 | D:2      | 1342 ||| Stepping ~*~*~tactically~*~*~ (stealth).
  1369 | D:2      | Reached XP level 4. HP: 26/28 MP: 4/4
  1409 | D:2      | 1409 ||| DROPPING +0 club.
  1455 | D:2      | 1455 ||| Stepping ~*~*~tactically~*~*~ (hiding).
  1897 | D:2      | 1897 ||| UPGRADING to +0 chain mail.
  1907 | D:2      | 1907 ||| DROPPING +0 scale mail.
  1908 | D:2      | 1908 ||| UPGRADING to +0 cloak.
  1913 | D:2      | 1913 ||| UPGRADING to ring of resist corrosion.
  1914 | D:2      | 1914 ||| READING scroll labelled XINTETS AZUX.
  1967 | D:3      | Reached XP level 5. HP: 31/32 MP: 5/5
  2097 | D:3      | Found a faded altar of an unknown god.
  2176 | D:3      | 2176 ||| Stepping ~*~*~tactically~*~*~ (hiding).
  2197 | D:3      | 2197 ||| Stepping ~*~*~tactically~*~*~ (stealth).
  2216 | D:3      | 2216 ||| Stepping ~*~*~tactically~*~*~ (hiding).
  2605 | D:3      | 2605 ||| Stepping ~*~*~tactically~*~*~ (hiding).
  2606 | D:3      | 2606 ||| Stepping ~*~*~tactically~*~*~ (hiding).
  2608 | D:3      | 2608 ||| Stepping ~*~*~tactically~*~*~ (hiding).
  2658 | D:3      | Noticed Robin
  2659 | D:3      | 2659 ||| Stepping ~*~*~tactically~*~*~ (hiding).
  2670 | D:3      | Killed Robin
  2962 | D:3      | Found a shadowy altar of Dithmenos.
  2997 | D:3      | 2997 ||| Stepping ~*~*~tactically~*~*~ (stealth).
  3002 | D:3      | 3002 ||| Stepping ~*~*~tactically~*~*~ (stealth).
  3028 | D:3      | Reached XP level 6. HP: 15/38 MP: 6/6
  3181 | D:3      | 3181 ||| FLEEEEING.
  3182 | D:3      | 3182 ||| FLEEEEING.
  3183 | D:3      | 3183 ||| FLEEEEING.
  3184 | D:3      | 3184 ||| FLEEEEING.
  3229 | D:3      | 3229 ||| DROPPING +0 whip.
  3502 | D:3      | 3502 ||| UPGRADING to +2 helmet.
  3507 | D:3      | 3507 ||| READING scroll labelled TUDEG GEUTHRUB.
  3510 | D:3      | 3510 ||| READING scroll labelled YSONIL YTTAI.
  3623 | D:4      | Noticed Sigmund
  3624 | D:4      | 3624 ||| Stepping ~*~*~tactically~*~*~ (hiding).
  3633 | D:4      | Killed Sigmund
  3634 | D:4      | Reached skill level 6 in Axes
  3814 | D:4      | 3814 ||| Stepping ~*~*~tactically~*~*~ (stealth).
  4016 | D:4      | Reached skill level 1 in Dodging
  4016 | D:4      | Reached XP level 7. HP: 40/43 MP: 7/7
  4162 | D:4      | 4162 ||| Stepping ~*~*~tactically~*~*~ (hiding).
  4383 | D:4      | Found a burning altar of Makhleb.
  4383 | D:4      | Noticed a balrug
  4594 | D:4      | 4594 ||| UPGRADING to +6 ring of strength.
  4595 | D:4      | 4595 ||| READING scroll labelled XIURER DIESE.
  4596 | D:4      | 4596 ||| READING scroll labelled POHIAZXECYE.
  4597 | D:4      | 4597 ||| DRINKING 4 fizzy emerald potions.
  4598 | D:4      | 4598 ||| READING 2 scrolls of identify.
  4598 | D:4      | 4598 ||| IDENTIFYING fuming grey potion
  4599 | D:4      | 4599 ||| DROPPING potion of brilliance.
  4613 | D:5      | Entered Level 5 of the Dungeon
  4638 | D:5      | Found an ornate altar of the Wu Jian Council.
  4655 | D:5      | Noticed Eustachio
  4680 | D:5      | Killed Eustachio
  5117 | D:5      | 5117 ||| Stepping ~*~*~tactically~*~*~ (stealth).
  5118 | D:5      | 5118 ||| Stepping ~*~*~tactically~*~*~ (stealth).
  5185 | D:5      | Reached XP level 8. HP: 20/50 MP: 8/8
  5422 | D:5      | Found a staircase to the Ecumenical Temple.
  5423 | D:5      | 5423 ||| PLANNING TEMPLE
  5423 | D:5      | 5423 ||| UPGRADING to +4 ring of evasion.
  5425 | D:5      | 5425 ||| READING scroll labelled QEJEHI SOKHOFERI.
  5426 | D:5      | 5426 ||| READING scroll labelled PASMEO SOFE.
  5427 | D:5      | 5427 ||| READING 2 scrolls labelled QAPNA PEWNUTT.
  5434 | D:5      | 5434 ||| Stepping ~*~*~tactically~*~*~ (stealth).
  5537 | D:5      | 5537 ||| DRINKING 2 sedimented blue potions.
  5538 | D:5      | 5538 ||| DROPPING scroll of silence.
  5549 | Temple   | Entered the Ecumenical Temple
  5550 | Temple   | 5550 ||| PLANNING OKAWARU WORSHIP
  5556 | Temple   | Became a worshipper of Warmaster Okawaru
  5557 | Temple   | 5557 ||| PLANNING D:1-11
  5842 | D:5      | 5842 ||| Stepping ~*~*~tactically~*~*~ (stealth).
  5843 | D:5      | 5843 ||| Stepping ~*~*~tactically~*~*~ (stealth).
  5844 | D:5      | 5844 ||| Stepping ~*~*~tactically~*~*~ (stealth).
  5852 | D:5      | 5852 ||| Stepping ~*~*~tactically~*~*~ (stealth).
  5865 | D:5      | 5865 ||| Stepping ~*~*~tactically~*~*~ (stealth).
  5869 | D:5      | 5869 ||| Stepping ~*~*~tactically~*~*~ (stealth).
  5873 | D:5      | 5873 ||| Stepping ~*~*~tactically~*~*~ (stealth).
  5874 | D:5      | 5874 ||| Stepping ~*~*~tactically~*~*~ (stealth).
  5875 | D:5      | 5875 ||| Stepping ~*~*~tactically~*~*~ (stealth).
  5895 | D:5      | 5895 ||| Stepping ~*~*~tactically~*~*~ (stealth).
  5944 | D:5      | 5944 ||| DROPPING amulet of guardian spirit.
  5945 | D:5      | 5945 ||| READING 2 scrolls of identify.
  5945 | D:5      | 5945 ||| IDENTIFYING purple potion
  6003 | D:6      | 6003 ||| STAIRDANCE
  6005 | D:5      | 6005 ||| Stepping randomly (disturbance).
  6006 | D:5      | 6006 ||| Stepping randomly (disturbance).
  6047 | D:6      | 6047 ||| STAIRDANCE
  6198 | D:6      | Reached skill level 6 in Fighting
  6307 | D:6      | Reached * piety under Okawaru
  6308 | D:6      | 6308 ||| INVOKING Heroism.
  6314 | D:6      | Reached skill level 1 in Invocations
  6685 | D:6      | 6685 ||| UPGRADING to +0 tower shield.
  6695 | D:6      | 6695 ||| DROPPING +0 buckler.
  6696 | D:6      | 6696 ||| UPGRADING to +0 plate armour.
  6706 | D:6      | 6706 ||| DROPPING +0 chain mail.
  6707 | D:6      | 6707 ||| READING scroll labelled GACREI JUMOAST.
  6732 | D:7      | 6732 ||| INVOKING Heroism.
  6743 | D:7      | Reached XP level 9. HP: 39/55 MP: 8/10
  6748 | D:7      | 6748 ||| FLEEEEING.
  6749 | D:7      | 6749 ||| FLEEEEING.
  6750 | D:7      | 6750 ||| FLEEEEING.
  6752 | D:7      | 6752 ||| STAIRDANCE
  6831 | D:7      | 6831 ||| INVOKING Heroism.
  6839 | D:7      | Reached skill level 4 in Shields
  6839 | D:7      | Reached skill level 3 in Invocations
  6924 | D:7      | 6924 ||| Stepping ~*~*~tactically~*~*~ (hiding).
  6943 | D:7      | Noticed a manticore
  6944 | D:7      | 6944 ||| INVOKING Heroism.
  6949 | D:7      | Noticed a two-headed ogre
  6956 | D:7      | Noticed a red ugly thing
  6958 | D:7      | Killed a manticore
  6958 | D:7      | Reached ** piety under Okawaru
  6959 | D:7      | Reached skill level 5 in Shields
  6963 | D:7      | 6963 ||| INVOKING Heroism.
  6966 | D:7      | Killed a two-headed ogre
  6967 | D:7      | Reached skill level 7 in Shields
  6977 | D:7      | Reached skill level 8 in Shields
  6980 | D:7      | 6980 ||| INVOKING Heroism.
  6987 | D:7      | HP: 2/55 [red ugly thing (18)]
  6988 | D:7      | 6988 ||| READING scroll of teleportation.
  6990 | D:7      | Killed a red ugly thing
  6990 | D:7      | Reached *** piety under Okawaru
  6991 | D:7      | Reached skill level 9 in Shields
  6991 | D:7      | Reached XP level 10. HP: 2/60 MP: 11/13
  7119 | D:7      | 7119 ||| FLEEEEING.
  7120 | D:7      | 7120 ||| FLEEEEING.
  7121 | D:7      | 7121 ||| FLEEEEING.
  7122 | D:7      | 7122 ||| FLEEEEING.
  7123 | D:7      | 7123 ||| FLEEEEING.
  7132 | D:7      | 7132 ||| FLEEEEING.
  7133 | D:7      | 7133 ||| STAIRDANCE
  7278 | D:7      | 7278 ||| STAIRDANCE
  7388 | D:7      | 7388 ||| Stepping ~*~*~tactically~*~*~ (stealth).
  7397 | D:7      | 7397 ||| FLEEEEING.
  7398 | D:7      | 7398 ||| FLEEEEING.
  7399 | D:7      | 7399 ||| FLEEEEING.
  7400 | D:7      | 7400 ||| FLEEEEING.
  7402 | D:7      | 7402 ||| FLEEEEING.
  7403 | D:7      | 7403 ||| FLEEEEING.
  7404 | D:7      | 7404 ||| FLEEEEING.
  7406 | D:7      | 7406 ||| FLEEEEING.
  7407 | D:7      | 7407 ||| FLEEEEING.
  7408 | D:7      | 7408 ||| FLEEEEING.
  7409 | D:7      | 7409 ||| FLEEEEING.
  7410 | D:7      | 7410 ||| FLEEEEING.
  7411 | D:7      | 7411 ||| FLEEEEING.
  7412 | D:7      | 7412 ||| FLEEEEING.
  7413 | D:7      | 7413 ||| FLEEEEING.
  7414 | D:7      | 7414 ||| FLEEEEING.
  7415 | D:7      | 7415 ||| FLEEEEING.
  7416 | D:7      | 7416 ||| FLEEEEING.
  7417 | D:7      | 7417 ||| FLEEEEING.
  7470 | D:7      | 7470 ||| Stepping ~*~*~tactically~*~*~ (hiding).
  7472 | D:7      | 7472 ||| INVOKING Heroism.
  7488 | D:7      | Reached skill level 10 in Shields
  7498 | D:7      | Reached skill level 1 in Throwing
  7640 | D:7      | 7640 ||| INVOKING Heroism.
  7704 | D:7      | 7704 ||| Stepping ~*~*~tactically~*~*~ (stealth).
  7708 | D:7      | Found a shimmering altar of Xom.
  7717 | D:7      | Found a blossoming altar of Fedhas.
  7719 | D:7      | Found a basalt altar of Yredelemnul.
  7719 | D:7      | Found a hazy altar of Hepliaklqana.
  7719 | D:7      | Found a glowing silver altar of Zin.
  7719 | D:7      | Found a hide-covered altar of Uskayaw.
  7720 | D:7      | Found a white marble altar of Elyvilon.
  7726 | D:7      | 7726 ||| INVOKING Heroism.
  7743 | D:7      | Reached **** piety under Okawaru
  7783 | D:7      | Reached skill level 11 in Shields
  7965 | D:7      | 7965 ||| INVOKING Heroism.
  8098 | D:7      | Noticed Pikel
  8106 | D:7      | Killed Pikel
  8211 | D:8      | 8211 ||| INVOKING Heroism.
  8212 | D:8      | 8212 ||| STAIRDANCE
  8217 | D:7      | Reached skill level 6 in Invocations
  8227 | D:8      | 8227 ||| STAIRDANCE
  8270 | D:8      | 8270 ||| STAIRDANCE
  8276 | D:8      | 8276 ||| STAIRDANCE
  8292 | D:8      | 8292 ||| STAIRDANCE
  8299 | D:8      | 8299 ||| STAIRDANCE
  8310 | D:8      | 8310 ||| DROPPING +2 hand axe of pain.
  8318 | D:8      | 8318 ||| READING scroll of teleportation.
  8331 | D:8      | 8331 ||| INVOKING Heroism.
  8410 | D:8      | 8410 ||| INVOKING Heroism.
  8420 | D:8      | Reached skill level 9 in Axes
  8420 | D:8      | Reached ***** piety under Okawaru
  8421 | D:8      | Reached XP level 11. HP: 51/64 MP: 13/16
  8613 | D:8      | 8613 ||| Stepping ~*~*~tactically~*~*~ (hiding).
  8619 | D:8      | 8619 ||| INVOKING Heroism.
  8622 | D:8      | 8622 ||| DRINKING 5 potions of curing.
  8622 | D:8      | 8622 ||| (to cure confusion)
  8626 | D:8      | 8626 ||| Stepping ~*~*~tactically~*~*~ (hiding).
  8716 | D:8      | 8716 ||| Stepping ~*~*~tactically~*~*~ (hiding).
  8863 | D:8      | 8863 ||| Stepping ~*~*~tactically~*~*~ (hiding).
  8865 | D:8      | 8865 ||| INVOKING Heroism.
  8992 | D:8      | 8992 ||| Stepping ~*~*~tactically~*~*~ (stealth).
  8994 | D:8      | 8994 ||| Stepping ~*~*~tactically~*~*~ (stealth).
  8996 | D:8      | 8996 ||| Stepping ~*~*~tactically~*~*~ (stealth).
  9008 | D:8      | 9008 ||| Stepping ~*~*~tactically~*~*~ (stealth).
  9013 | D:8      | 9013 ||| INVOKING Heroism.
  9480 | D:8      | 9480 ||| UPGRADING to +1 pair of boots.
  9485 | D:8      | 9485 ||| DROPPING +2 hat.
  9486 | D:8      | 9486 ||| READING scroll labelled HAXIORIU HUFOI.
  9487 | D:8      | 9487 ||| READING scroll labelled KYADDUHOOD.
  9488 | D:8      | 9488 ||| DROPPING +0 morningstar.
  9489 | D:8      | 9489 ||| DRINKING 2 coppery potions.
  9490 | D:8      | 9490 ||| DROPPING potion of degeneration.
  9553 | D:9      | Noticed Maggie
  9554 | D:9      | 9554 ||| Stepping ~*~*~tactically~*~*~ (hiding).
  9560 | D:9      | 9560 ||| INVOKING Heroism.
  9560 | D:9      | Noticed a two-headed ogre
  9565 | D:9      | Killed Maggie
  9576 | D:9      | Killed a two-headed ogre
  9680 | D:9      | 9680 ||| Stepping ~*~*~tactically~*~*~ (stealth).
  9738 | D:9      | 9738 ||| FLEEEEING.
  9739 | D:9      | 9739 ||| FLEEEEING.
  9740 | D:9      | 9740 ||| FLEEEEING.
  9741 | D:9      | 9741 ||| FLEEEEING.
  9741 | D:9      | Identified the +4 eveningstar "Patidih" {vorpal, +Blink
                  | rN+}
  9742 | D:9      | 9742 ||| Stepping ~*~*~tactically~*~*~ (hiding).
  9743 | D:9      | 9743 ||| FLEEEEING.
  9744 | D:9      | 9744 ||| INVOKING Heroism.
  9748 | D:9      | 9748 ||| Stepping ~*~*~tactically~*~*~ (stealth).
  9749 | D:9      | 9749 ||| Stepping ~*~*~tactically~*~*~ (stealth).
  9751 | D:9      | 9751 ||| Stepping ~*~*~tactically~*~*~ (stealth).
  9777 | D:9      | Received a gift from Okawaru
  9779 | D:9      | Reached skill level 6 in Armour
  9790 | D:9      | 9790 ||| FLEEEEING.
  9807 | D:9      | 9807 ||| Stepping ~*~*~tactically~*~*~ (stealth).
  9809 | D:9      | 9809 ||| INVOKING Heroism.
  9855 | D:9      | Noticed an orange crystal statue
  9856 | D:9      | 9856 ||| INVOKING Heroism.
  9857 | D:9      | 9857 ||| INVOKING Finesse.
  9885 | D:9      | 9885 ||| DRINKING 4 potions of curing.
  9885 | D:9      | 9885 ||| (to cure confusion)
  9886 | D:9      | Noticed a two-headed ogre
  9933 | D:9      | 9933 ||| INVOKING Heroism.
  9952 | D:9      | 9952 ||| DRINKING 3 potions of curing.
  9952 | D:9      | 9952 ||| (to cure confusion)
  9968 | D:9      | Noticed a two-headed ogre
  9979 | D:9      | 9979 ||| DRINKING 2 potions of curing.
  9979 | D:9      | 9979 ||| (to cure confusion)
  9980 | D:9      | 9980 ||| INVOKING Heroism.
  9987 | D:9      | HP: 15/64 [troll[an orange crystal statue] (4)]
  9988 | D:9      | 9988 ||| DRINKING potion of curing.
  9988 | D:9      | 9988 ||| (to cure confusion)
  9989 | D:9      | 9989 ||| DRINKING 2 potions of heal wounds.
 10006 | D:9      | HP: 16/64 [acid dragon[an orange crystal statue] (4)]
 10007 | D:9      | 10007 ||| DRINKING potion of heal wounds.
 10009 | D:9      | Killed from afar by an acid dragon

Levels and vault maps discovered:
D:1:      dreamdust_arrival_beginning_and_end, layout_basic, minmay_box_of_dots
D:2:      layout_loops_ring
D:3:      layout_basic, nicolae_dithmenos_the_darkroom,
          shapermc_ecumenical_altar_flowoftime, serial_corexii_hall,
          corexii_hall_statues_s, corexii_hall_statues_x,
          chequers_hall_statues_wall_a, corexii_hall_statues_l,
          serial_bayou_pond_a, grunt_ministairs_15, uniq_robin
D:4:      layout_loops_ring, makhleb_altar_promises_db, uniq_sigmund
D:5:      layout_loops_ring, mainiacjoe_overflow_catwalk,
          minmay_temple_entry_wispy, minmay_lizard_king, uniq_eustachio
D:6:      layout_rooms, minmay_fountain_box, patterned_corridor
D:7:      nzn_winding_woodlands_large [nzn_winding_woodlands_5x5_closed_star,
          nzn_winding_woodlands_5x15_twine, nzn_winding_woodlands_hourglass,
          nzn_winding_woodlands_center_triple_pond,
          nzn_winding_woodlands_15x15_killbox,
          nzn_winding_woodlands_center_diamonds,
          nzn_winding_woodlands_5x5_perimeter, nzn_winding_woodlands_5x15_pool,
          nzn_winding_woodlands_5x5_cross], layout_loops_ring,
          grunt_temple_overflow_open, serial_glass, glass_columns_a,
          glass_columns_a, uniq_pikel
D:8:      layout_rooms, serial_co_window_serial, co_window_corner_a,
          co_window_of_opportunity_a, co_window_paths_b,
          co_window_of_opportunity_a, co_window_cross_1, co_window_cross_1,
          co_window_corner_a, co_window_broadway_a, co_window_of_opportunity_b,
          co_window_paths_c, co_window_cross_3, co_window_corner_cb,
          co_window_corner_b, co_window_of_opportunity_b, st_stairs_10
D:9:      lemuel_ice_spiral_2, layout_basic, serial_ice, serial_ice_n,
          serial_ice_g, serial_ice_c, serial_ice_b, minmay_protected_statue,
          uniq_maggie
Temple:   nicolae_temple_no_exploring_needed

Skill      XL: |  1  2  3  4  5  6  7  8  9 10 11 |
---------------+----------------------------------+-----
Axes           | 2 3 4 5 6 7 8 9 |  9.0
Fighting       | 4 5 6 |  6.1
Dodging        | 1 |  1.4
Armour         | 4 5 6 |  6.0
Invocations    | 2 4 6 8 |  8.7
Shields        | 9 11 | 11.7
Throwing       | 1 2 |  2.0

Action                   |  1- 3 |  4- 6 |  7- 9 | 10-12 || total
-------------------------+-------+-------+-------+-------++-------
Melee: War axe           |   119 |   174 |   265 |   447 ||  1005
Throw: Boomerang         |       |       |       |    24 ||    24
       Javelin           |       |       |       |    12 ||    12
Invok: Heroism           |       |       |     6 |    16 ||    22
       Finesse           |       |       |       |     1 ||     1
  Use: Scroll            |     2 |     3 |     9 |     3 ||    17
       Potion            |       |       |     2 |     8 ||    10
 Stab: Distracted        |       |       |     1 |       ||     1
Armor: Scale mail        |    67 |    23 |       |       ||    90
       Chain mail        |       |    96 |   129 |       ||   225
       Plate armour      |       |       |    48 |   197 ||   245
Dodge: Dodged            |    61 |    68 |   127 |   164 ||   420
Block: Buckler           |    16 |    27 |    37 |       ||    80
       Tower shield      |       |       |    72 |   454 ||   526

Table legend:
 A = Non-vault XP
 B = Vault XP
 C = Vault XP percentage of total XP
 D = Non-vault monster count
 E = Vault monster count
 F = Vault count percentage of total count
                 A         B        C        D         E       F
            +---------+---------+-------+---------+---------+-------
      Total |    7339 |    6309 |  46.2 |     180 |      62 |  25.6
            +---------+---------+-------+---------+---------+-------
        D:1 |      50 |       5 |   9.1 |      19 |       4 |  17.4
        D:2 |     102 |       0 |   0.0 |      28 |       0 |   0.0
        D:3 |     140 |      31 |  18.1 |      22 |      10 |  31.2
        D:4 |     156 |     214 |  57.8 |      13 |       1 |   7.1
        D:5 |     853 |     240 |  22.0 |      14 |      10 |  41.7
        D:6 |     453 |      90 |  16.6 |      12 |       1 |   7.7
        D:7 |    1086 |    5188 |  82.7 |      18 |      30 |  62.5
        D:8 |    2001 |       6 |   0.3 |      37 |       2 |   5.1
        D:9 |    2498 |     535 |  17.6 |      17 |       4 |  19.0
            +---------+---------+-------+---------+---------+-------
